[ AOE2 MATCH · #506667484 ]
UnrankedWei vs Poles
Player's team · WIN
Rival team · LOSS
[ REPLAY ANALYSIS · EXTRACTED FROM THE RECORDED GAME ]
Feudal
8:52
Castle
—
Imperial
—
| APM avg | 59.7 |
| APM peak | 95 |
| eAPM avg | 31.5 |
| Villagers / military | 48 / 14 |
Focus
⚔️ 65.0% · 🌾 35.0%
Archer ×11 · Spearman ×3
Feudal
8:58
Castle
—
Imperial
—
| APM avg | 47.8 |
| APM peak | 100 |
| eAPM avg | 21.9 |
| Villagers / military | 47 / 0 |
Focus
⚔️ 36.8% · 🌾 63.2%
Match map
Initial resources + every placement click. Lines = walls · curves = elevation contours. ◆ gold · ⬟ stone · ● berries · ✦ relic · ◌ wall gap
Your base· Open — unwalled flank
Courtesy's base· Open — unwalled flank
Smoothed initial terrain · ◌ = detected wall gap · hover for details
Inputs per minute
— Villese - - Courtesy
Build order — Villese
104 actions detected in the replay
| 0:01 | Queue | Villager (Male) |
| 0:01 | Queue | Villager (Male) |
| 0:02 | Build | House |
| 0:03 | Build | House |
| 0:23 | Queue | Villager (Male) |
| 0:24 | Queue | Villager (Male) |
| 1:23 | Queue | Villager (Male) |
| 1:45 | Build | Lumber Camp |
| 1:55 | Queue | Villager (Male) |
| 2:22 | Queue | Villager (Male) |
| 2:52 | Queue | Villager (Male) |
| 3:01 | Queue | Villager (Male) |
| 3:29 | Queue | Villager (Male) |
| 3:50 | Build | House |
| 4:01 | Queue | Villager (Male) |
| 4:18 | Build | House |
| 4:24 | Queue | Villager (Male) |
| 4:50 | Build | Mill |
| 4:53 | Queue | Villager (Male) |
| 5:08 | Queue | Villager (Male) |
| 5:27 | Queue | Villager (Male) |
| 5:30 | Research | Loom |
| 6:24 | Build | Mill |
| 6:42 | Research | Feudal Age |
| 7:14 | Build | House |
| 7:20 | Build | Palisade Wall |
| 7:23 | Build | House |
| 7:23 | Build | Palisade Wall |
| 7:24 | Build | Palisade Wall |
| 7:27 | Queue | Villager (Male) |
| 8:06 | Build | Barracks |
| 8:10 | Build | Palisade Wall |
| 8:52 | Age | Feudal Age |
| 9:07 | Queue | Spearman |
| 9:19 | Queue | Villager (Male) |
| 9:19 | Queue | Villager (Male) |
| 9:30 | Build | Palisade Wall |
| 9:32 | Build | Palisade Wall |
| 9:37 | Build | Watch Tower |
| 9:41 | Queue | Villager (Male) |
| 9:46 | Build | Lumber Camp |
| 10:00 | Queue | Villager (Male) |
| 10:06 | Build | House |
| 10:10 | Build | House |
| 10:21 | Queue | Villager (Male) |
| 10:57 | Queue | Villager (Male) |
| 11:14 | Queue | Villager (Male) |
| 11:28 | Queue | Villager (Male) |
| 11:45 | Queue | Villager (Male) |
| 12:00 | Build | Archery Range |
| 12:09 | Queue | Villager (Male) |
| 12:41 | Queue | Villager (Male) |
| 12:42 | Queue | Archer |
| 12:51 | Queue | Villager (Male) |
| 12:54 | Build | Mining Camp |
| 13:02 | Queue | Villager (Male) |
| 13:17 | Queue | Spearman |
| 13:18 | Queue | Villager (Male) |
| 13:22 | Build | House |
| 13:30 | Research | Town Watch |
| 13:59 | Queue | Villager (Male) |
| 14:00 | Queue | Villager (Male) |
| 14:03 | Build | Mining Camp |
| 14:16 | Queue | Villager (Male) |
| 14:22 | Research | Wheelbarrow |
| 14:27 | Build | Farm |
| 14:52 | Queue | Spearman |
| 14:53 | Queue | Villager (Male) |
| 15:05 | Build | House |
| 15:13 | Queue | Archer |
| 15:31 | Build | Palisade Wall |
| 15:35 | Queue | Villager (Male) |
| 15:40 | Build | Farm |
| 15:41 | Build | Farm |
| 15:49 | Build | House |
| 15:55 | Queue | Archer |
| 16:01 | Queue | Villager (Male) |
| 16:10 | Queue | Archer |
| 16:14 | Queue | Villager (Male) |
| 16:23 | Build | Watch Tower |
| 16:40 | Build | Farm |
| 17:05 | Queue | Villager (Male) |
| 17:06 | Queue | Archer |
| 17:21 | Build | Farm |
| 17:23 | Queue | Archer |
| 17:44 | Build | Palisade Wall |
| 17:47 | Build | Palisade Wall |
| 18:00 | Queue | Archer |
| 18:00 | Queue | Villager (Male) |
| 18:24 | Queue | Villager (Male) |
| 18:29 | Build | Watch Tower |
| 18:33 | Queue | Archer |
| 18:50 | Queue | Villager (Male) |
| 19:22 | Queue | Villager (Male) |
| 19:47 | Queue | Villager (Male) |
| 19:48 | Queue | Archer |
| 20:13 | Queue | Archer |
| 20:26 | Queue | Villager (Male) |
| 20:26 | Queue | Villager (Male) |
| 20:33 | Queue | Villager (Male) |
| 20:59 | Queue | Villager (Male) |
| 21:01 | Queue | Archer |
| 21:22 | Build | House |
| 21:29 | Queue | Villager (Male) |
Build order — Courtesy
95 actions detected in the replay
| 0:01 | Queue | Villager (Male) |
| 0:02 | Queue | Villager (Male) |
| 0:02 | Build | House |
| 0:03 | Build | House |
| 0:10 | Queue | Villager (Male) |
| 0:10 | Queue | Villager (Male) |
| 0:10 | Queue | Villager (Male) |
| 1:26 | Queue | Villager (Male) |
| 1:55 | Queue | Villager (Male) |
| 2:00 | Build | Mill |
| 2:04 | Build | Mill |
| 2:38 | Queue | Villager (Male) |
| 2:38 | Queue | Villager (Male) |
| 2:39 | Queue | Villager (Male) |
| 3:00 | Queue | Villager (Male) |
| 3:22 | Queue | Villager (Male) |
| 3:22 | Queue | Villager (Male) |
| 3:40 | Queue | Villager (Male) |
| 3:53 | Build | Lumber Camp |
| 3:58 | Queue | Villager (Male) |
| 4:13 | Queue | Villager (Male) |
| 4:39 | Queue | Villager (Male) |
| 4:46 | Queue | Villager (Male) |
| 5:12 | Queue | Villager (Male) |
| 5:54 | Research | Loom |
| 6:36 | Research | Feudal Age |
| 7:08 | Build | Mining Camp |
| 7:34 | Build | House |
| 7:41 | Queue | Villager (Male) |
| 8:56 | Build | Palisade Wall |
| 8:58 | Age | Feudal Age |
| 9:05 | Queue | Villager (Male) |
| 9:16 | Queue | Villager (Male) |
| 9:18 | Build | Palisade Wall |
| 9:23 | Build | Palisade Wall |
| 9:27 | Build | Watch Tower |
| 9:31 | Queue | Villager (Male) |
| 9:38 | Research | Wheelbarrow |
| 10:14 | Queue | Villager (Male) |
| 10:29 | Queue | Villager (Male) |
| 10:35 | Queue | Villager (Male) |
| 10:39 | Queue | Villager (Male) |
| 10:42 | Queue | Villager (Male) |
| 11:29 | Build | Watch Tower |
| 11:39 | Queue | Villager (Male) |
| 11:56 | Build | Mill |
| 11:58 | Research | Double-Bit Axe |
| 12:16 | Queue | Villager (Male) |
| 12:24 | Build | Outpost |
| 12:36 | Build | Palisade Gate |
| 12:44 | Build | Stone Wall |
| 12:46 | Build | Stone Wall |
| 12:47 | Build | Stone Wall |
| 12:49 | Build | Stone Wall |
| 12:53 | Queue | Villager (Male) |
| 12:55 | Queue | Villager (Male) |
| 13:01 | Queue | Villager (Male) |
| 13:05 | Build | Watch Tower |
| 13:38 | Queue | Villager (Male) |
| 13:58 | Queue | Villager (Male) |
| 14:08 | Queue | Villager (Male) |
| 14:15 | Build | Stone Wall |
| 14:20 | Build | Stone Wall |
| 14:21 | Build | Stone Wall |
| 14:22 | Build | Stone Wall |
| 14:43 | Build | Stone Wall |
| 14:44 | Build | Stone Wall |
| 14:45 | Build | Stone Wall |
| 14:47 | Build | Stone Wall |
| 14:50 | Queue | Villager (Male) |
| 14:56 | Queue | Villager (Male) |
| 15:04 | Build | Watch Tower |
| 16:08 | Queue | Villager (Male) |
| 16:21 | Queue | Villager (Male) |
| 16:32 | Build | Stone Wall |
| 16:35 | Build | Stone Wall |
| 16:39 | Build | Watch Tower |
| 16:44 | Build | House |
| 16:56 | Build | House |
| 17:05 | Queue | Villager (Male) |
| 17:43 | Queue | Villager (Male) |
| 18:02 | Build | Farm |
| 18:11 | Build | Watch Tower |
| 18:26 | Queue | Villager (Male) |
| 18:43 | Build | House |
| 18:50 | Build | Palisade Gate |
| 18:53 | Build | House |
| 18:58 | Queue | Villager (Male) |
| 19:30 | Queue | Villager (Male) |
| 19:48 | Queue | Villager (Male) |
| 19:58 | Build | Watch Tower |
| 20:36 | Queue | Villager (Male) |
| 20:40 | Build | Blacksmith |
| 21:19 | Build | Farm |
| 21:20 | Build | Farm |
Match timeline
| 7:20 | Villese · wall_segment Palisade Wall x6 |
| 7:23 | Villese · wall_segment Palisade Wall x1 |
| 7:24 | Villese · wall_segment Palisade Wall x1 |
| 8:06 | Villese · first_building Barracks |
| 8:10 | Villese · wall_segment Palisade Wall x1 |
| 8:52 | Villese · age_up feudal |
| 8:56 | Courtesy · wall_segment Palisade Wall x1 |
| 8:58 | Courtesy · age_up feudal |
| 9:18 | Courtesy · wall_segment Palisade Wall x1 |
| 9:23 | Courtesy · wall_segment Palisade Wall x1 |
| 9:30 | Villese · wall_segment Palisade Wall x1 |
| 9:32 | Villese · wall_segment Palisade Wall x1 |
| 12:00 | Villese · first_building Archery Range |
| 12:44 | Courtesy · wall_segment Stone Wall x1 |
| 12:46 | Courtesy · wall_segment Stone Wall x1 |
| 12:47 | Courtesy · wall_segment Stone Wall x1 |
| 12:49 | Courtesy · wall_segment Stone Wall x1 |
| 14:15 | Courtesy · wall_segment Stone Wall x1 |
| 14:20 | Courtesy · wall_segment Stone Wall x1 |
| 14:21 | Courtesy · wall_segment Stone Wall x1 |
| 14:22 | Courtesy · wall_segment Stone Wall x1 |
| 14:43 | Courtesy · wall_segment Stone Wall x1 |
| 14:44 | Courtesy · wall_segment Stone Wall x1 |
| 14:45 | Courtesy · wall_segment Stone Wall x1 |
| 14:47 | Courtesy · wall_segment Stone Wall x1 |
| 15:31 | Villese · wall_segment Palisade Wall x2 |
| 16:32 | Courtesy · wall_segment Stone Wall x1 |
| 16:35 | Courtesy · wall_segment Stone Wall x1 |
| 17:44 | Villese · wall_segment Palisade Wall x1 |
| 17:47 | Villese · wall_segment Palisade Wall x1 |
| 21:33 | Courtesy · resign |
[ AI ANALYSIS · 1 CREDIT ]
What really happened in this match?
Wolo.gg analyzes every decision: build order, eco, micro, common mistakes by bracket. Personalized analysis on WhatsApp or Discord in 30 seconds.
Civ guide
Wei
Perfil
Jugador #208611